 Dungeon Crawl Stone Soup version 0.29-a0-284-gf9362112df (webtiles) character file.

Game seed: 13970154418226084323

260 drugrobin the Chopper (level 5, -5/45 HPs)
             Began as a Demigod Fighter on Mar 18, 2022.
             Slain by a gnoll
             ... wielding a +0 flail
              (8 damage)
             ... on level 4 of the Dungeon.
             The game lasted 00:10:00 (4082 turns).

drugrobin the Chopper (Demigod Fighter)             Turns: 4082, Time: 00:10:00

Health: -5/45      AC:  9    Str: 21    XL:     5   Next: 63%
Magic:  7/7        EV:  9    Int: 10    God:
Gold:   100        SH:  4    Dex: 13    Spells: 4/4 levels left

rFire   . . .      SeeInvis .   a - +0 war axe
rCold   . . .      Faith    .   c - +0 buckler
rNeg    . . .      Spirit   .   x - +0 scale mail
rPois   +          Reflect  .   o - +0 hat
rElec   .          Harm     .   p - +0 cloak
rCorr   .          Rampage  .   e - +0 pair of gloves
Will    .....                   (no boots)
Stlth   ..........              (no amulet)
HPRegen 0.15/turn               i - ring of poison resistance
MPRegen 0.10/turn               (no ring)

@: no status effects
A: high MP 1, forlorn, divine attributes
a: no special abilities


You were on level 4 of the Dungeon.
You visited 1 branch of the dungeon, and saw 4 of its levels.

You collected 100 gold pieces.

Inventory:

Hand Weapons
 a - a +0 war axe (weapon)
 b - a +0 hunting sling
Missiles
 u - 5 javelins (quivered)
Armour
 c - a +0 buckler (worn)
 e - a +0 pair of gloves (worn)
 o - a +0 hat (worn)
 p - a +0 cloak (worn)
 x - a +0 scale mail (worn)
Magical Staves
 m - a staff of air
Jewellery
 i - a ring of poison resistance (left hand)
Wands
 l - a wand of mindburst (19)
 s - a wand of polymorph (14)
 w - a wand of flame (6)
Scrolls
 h - 5 scrolls of identify {unknown}
 j - a scroll of fog {unknown}
 k - a scroll of teleportation {unknown}
 n - a scroll of acquirement {unknown}
 r - 2 scrolls of blinking {unknown}
 t - a scroll of magic mapping {unknown}
 y - a scroll of holy word {unknown}
Potions
 d - 2 potions of might
 f - a potion of brilliance {unknown}
 g - a potion of attraction {unknown}
 q - a potion of invisibility {unknown}
 v - a potion of resistance
 z - a potion of curing {unknown}
 A - a potion of mutation {unknown}


   Skills:
 - Level 3.2 Fighting
 + Level 4.9 Axes
 - Level 3.1 Armour
 - Level 3.2 Shields


You had 4 spell levels left.
You didn't know any spells.
Your spell library contained the following spells:

 Spells                   Type           Power      Damage    Failure   Level
 Freeze                   Ice            0%         1d3       80%         1
 Frozen Ramparts          Ice            0%         1d2       99%         3
 Hailstorm                Conj/Ice       0%         3d3       100%        4


Dungeon Overview and Level Annotations

Branches:
Dungeon (4/15)
 Temple: D:4-7

Shops:
D:1 (


Innate Abilities, Weirdness & Mutations

You have an increased reservoir of magic. (+10% MP)
You shall have no god before yourself.
Your divine heritage dramatically boosts your attributes as you level up.


Message History

Unknown command.
Unknown command.
Unknown command.
Unknown command.
You closely miss the gnoll.
The gnoll is severely wounded.
You slash the gnoll! x2; The gnoll hits you but does no damage.
The gnoll hits you with a +0 whip.
* * * LOW HITPOINT WARNING * * *
The gnoll hits you but does no damage.
Unknown command.
Unknown command.
Unknown command.
Unknown command.
Unknown command.
Unknown command.
You barely miss the gnoll.
The gnoll is severely wounded.
You hit the gnoll. You barely miss the gnoll. The gnoll barely misses you.
You block the gnoll's attack. x2
Unknown command.
Unknown command.
Unknown command.
You hit the gnoll but do no damage.
The gnoll is severely wounded.
You hit the gnoll.
You kill the gnoll!
You closely miss the gnoll. The gnoll barely misses you.
The gnoll hits you but does no damage. You block the gnoll's attack.
The gnoll hits you with a +0 flail.
* * * LOW HITPOINT WARNING * * *
Unknown command.
Unknown command.
Unknown command.
You hit the gnoll but do no damage.
The gnoll is severely wounded.
You closely miss the gnoll. The gnoll hits you with a +0 club.
* * * LOW HITPOINT WARNING * * *
The gnoll hits you with a +0 flail!
You die...

#.........#
#.........#
#.........#
#.........#
###.........#
............#
##....gg...#
#.....@)...#
#..........#
####..........#
.......†......#
###.........#
#<...#.#+###
####.#.# ..#.#
###...


You could see 2 gnolls.

Vanquished Creatures
  A hound (D:4)
  An orc priest (D:3)
  Jessica (D:3)
  Natasha (thrice) (D:3)
  A gnoll (D:4)
  An adder (D:2)
  A white imp (D:4)
  An ufetubus (D:4)
  A worm (D:2)
  2 dart slugs (D:1)
  2 orcs (D:3)
  8 ball pythons
  3 bats
  5 endoplasms
  4 giant cockroaches
  8 goblins
  3 hobgoblins
  2 jackals (D:2)
  8 kobolds
  A quokka (D:3)
  3 frilled lizards
  4 rats
64 creatures vanquished.

Notes
Turn   | Place    | Note
-------+----------+-------------------------------------------
     0 | D:1      | drugrobin the Demigod Fighter began the quest for the Orb.
     0 | D:1      | Reached XP level 1. HP: 18/18 MP: 3/3
    42 | D:1      | Found Omamm's Weapon Shoppe.
   221 | D:1      | Reached skill level 2 in Axes
   225 | D:1      | Reached XP level 2. HP: 23/25 MP: 4/4
   964 | D:2      | Reached XP level 3. HP: 29/31 MP: 5/5
  1850 | D:3      | Noticed Natasha
  1861 | D:3      | Killed Natasha
  1862 | D:3      | Reached skill level 3 in Axes
  1862 | D:3      | Reached XP level 4. HP: 21/38 MP: 6/6
  2058 | D:3      | Noticed Jessica
  2085 | D:3      | Killed Jessica
  2874 | D:3      | Noticed Natasha
  2878 | D:3      | Killed Natasha
  2879 | D:3      | Reached skill level 4 in Axes
  2879 | D:3      | Reached XP level 5. HP: 45/45 MP: 7/7
  3214 | D:3      | Noticed Natasha
  3224 | D:3      | Killed Natasha
  4082 | D:4      | Slain by a gnoll

Illustrated notes

Levels and vault maps discovered:
D:1:      roderic_crossed_star, layout_loops_ring, serial_shops, shop,
          minmay_strange_pillars
D:2:      layout_rooms, hellmonk_ecumenical_altar_leap_of_faith,
          chequers_serial_rivers_small_b, kennysheep_cluttered_room,
          lemuel_another_geyser
D:3:      layout_basic, uniq_jessica, uniq_natasha
D:4:      layout_basic, glass_columns_a

Skill      XL: |  1  2  3  4 |
---------------+-------------+-----
Axes           | 2 3 4 |  4.9
Fighting       | 3 |  3.2
Armour         | 3 |  3.1
Shields        | 3 |  3.2

Action                   |  1- 3 |  4- 6 || total
-------------------------+-------+-------++-------
Melee: War axe           |   149 |    64 ||   213
Throw: Javelin           |     1 |     3 ||     4
Evoke: Wand              |     1 |     3 ||     4
Armor: Scale mail        |    77 |    38 ||   115
Dodge: Dodged            |    85 |    46 ||   131
Block: Buckler           |    38 |    18 ||    56

Table legend: (Time is in decaauts)
 A = Elapsed time spent in this place.
 B = Non-inter-level travel time spent in this place.
 C = Inter-level travel time spent in this place.
 D = Time resting spent in this place.
 E = Time spent auto-exploring this place.
 F = Levels seen in this place.
 G = Mean time per level.
                   A        B        C        D        E       F      G
               +--------+--------+--------+--------+--------+-----+--------+
         Total |   4179 |   4097 |     82 |    320 |   2973 |   4 | 1044.8 |
       Dungeon |   4179 |   4097 |     82 |    320 |   2973 |   4 | 1044.8 |
               +--------+--------+--------+--------+--------+-----+--------+

Top non-repeatable levels by time:
     D:3: 2508 daAuts
     D:1: 852 daAuts
     D:2: 788 daAuts
     D:4: 29 daAuts
